 Dungeon Crawl Stone Soup version 0.29-a0-2-g12fcac58f8 (webtiles) character file.

Game seed: 18225402770777719095

595 HallandMoats the Ruffian (level 7, 0/61 HPs)
             Began as a Ghoul Monk on Jan 26, 2022.
             Slain by a gnoll (6 damage)
             ... on level 4 of the Dungeon on Jan 27, 2022.
             The game lasted 00:06:11 (3991 turns).

HallandMoats the Ruffian (Ghoul Monk)               Turns: 3991, Time: 00:06:12

Health: 0/61       AC:  7    Str: 23    XL:     7   Next: 40%
Magic:  7/7        EV: 11    Int:  8    God:
Gold:   220        SH:  4    Dex: 13    Spells: 6/6 levels left

rFire   + + .      SeeInvis .   x - +10 dagger of Alesk {vorpal, rF++ rC+ Str-4 Int+3}
rCold   + + .      Faith    .   k - +0 buckler
rNeg    + + +      Spirit   .   n - +0 ring mail
rPois   ∞          Reflect  .   (no helmet)
rElec   .          Harm     .   h - +0 cloak
rCorr   .          Rampage  .   (no gloves)
Will    .....                   a - +0 pair of boots
Stlth   +.........              (no amulet)
HPRegen 0.00/turn               e - +6 ring of strength
MPRegen 0.10/turn               p - +6 ring of strength

@: inhibited regen
A: claws 1, cold resistance 1, negative energy resistance 3, inhibited
regeneration, torment resistance 2
a: no special abilities


You were on level 4 of the Dungeon.
You visited 1 branch of the dungeon, and saw 5 of its levels.

You collected 220 gold pieces.

Inventory:

Hand Weapons
 x - the +10 dagger of Alesk (weapon) {vorpal, rF++ rC+ Str-4 Int+3}
   (You found it on level 5 of the Dungeon)

   It inflicts extra damage upon your enemies.
   Str:       It affects your strength (-4).
   Int:       It affects your intelligence (+3).
   rF:        It greatly protects you from fire.
   rC:        It protects you from cold.
Missiles
 d - a throwing net (quivered)
Armour
 a - a +0 pair of boots (worn)
 h - a +0 cloak (worn)
 k - a +0 buckler (worn)
 n - a +0 ring mail (worn)
Jewellery
 e - a +6 ring of strength (left claw)
 p - a +6 ring of strength (right claw)
Wands
 t - a wand of acid (6)
 u - a wand of flame (5)
Scrolls
 b - 2 scrolls of identify {unknown}
 l - a scroll of enchant weapon {unknown}
 m - a scroll of immolation {unknown}
 o - 3 scrolls of silence {unknown}
 q - a scroll of amnesia {unknown}
 s - a scroll of noise {unknown}
 v - a scroll of brand weapon {unknown}
Potions
 c - a potion of curing {unknown}
 f - 2 potions of haste {unknown}
 g - a potion of invisibility {unknown}
 i - a potion of lignification {unknown}
 j - a potion of magic {unknown}
 r - 3 potions of might {unknown}
 w - a potion of brilliance {unknown}


   Skills:
 * Level 5.2 Fighting
 + Level 2.0 Armour
 + Level 3.6 Dodging
 - Level 2.1 Stealth
 * Level 2.4 Shields
 * Level 5.4 Unarmed Combat
 + Level 2.4 Invocations


You had 6 spell levels left.
You didn't know any spells.
Your spell library contained the following spells:

 Spells                   Type           Power      Damage    Failure   Level
 Static Discharge         Conj/Air       0%         N/A       80%         2
 Lightning Bolt           Conj/Air       0%         1d11      100%        5
 Maxwell's Capacitive Co  Air            0%         ∞         100%        8


Dungeon Overview and Level Annotations

Branches:
Dungeon (5/15)
 Temple: D:4-7

Altars:

Shops:
D:2 *


Innate Abilities, Weirdness & Mutations

You thrive by killing the living.
You are immune to poison.
You have sharp fingernails.
Your flesh is cold resistant. (rC+)
You are immune to negative energy. (rN+++)
You do not regenerate when monsters are visible.
You are immune to unholy pain and torment.


Message History

The gnoll sergeant hits you from afar with a +0 spear!
You barely miss the gnoll. The gnoll hits you with a +0 club.
The gnoll hits you but does no damage. The gnoll barely misses you.
The gnoll sergeant closely misses you.
You claw the gnoll!
The gnoll is severely wounded.
The gnoll hits you with a +0 club. You block the gnoll's attack.
The gnoll sergeant hits you from afar with a +0 spear!
You are too injured to fight recklessly!
You are too injured to fight recklessly!
You are too injured to fight recklessly!
You are too injured to fight recklessly!
You barely miss the gnoll. You block the gnoll's attack.
The gnoll hits you but does no damage.
The gnoll sergeant hits you from afar with a +0 spear!
* * * LOW HITPOINT WARNING * * *
You claw the gnoll!
The gnoll is severely wounded.
The gnoll closely misses you. x2
The gnoll hits you with a +0 club.
* * * LOW HITPOINT WARNING * * *
You see here a +0 club.
The gnoll closely misses you. You block the gnoll's attack.
You see here the +10 dagger of Alesk {vorpal, rF++ rC+ Str-4 Int+3}.
x - the +10 dagger of Alesk {vorpal, rF++ rC+ Str-4 Int+3} The gnoll hits you with a +0 club.
* * * LOW HITPOINT WARNING * * *
There is a stone staircase leading up here.
You see here a +0 robe.
The gnoll barely misses you.
You climb upwards.
There is a stone staircase leading down here.
You feel weaker.
You feel clever.
x - the +10 dagger of Alesk (weapon)
{vorpal, rF++ rC+ Str-4 Int+3} You barely miss the gnoll.
The gnoll is severely wounded.
The gnoll hits you with a +0 club.
You die...

##.#........########.........#
............#................#
.#.#........#.......##########
............#.......#
............#.......#
....................#
#...#....#..#.......#
#...#.......#.<.....#
#.#........##...@...#
.........).##..g....#
##.........##.......#
.#.........###..#####
.#..........##...##
........#......#..#######
........................#
##.......###...>........#
###.....####...........##


You could see a gnoll.

Vanquished Creatures
  Grinder (D:4)
  A scorpion (D:3)
  A wyvern skeleton (D:5)
  A water moccasin skeleton (D:3)
  A jelly (D:3)
  An iguana (D:4)
  An orc wizard (D:4)
  4 adders
  4 gnolls
  3 dart slugs
  7 orcs
  6 endoplasms
  2 goblins
  4 hobgoblins (D:3)
  2 jackals (D:4)
  8 quokkas
  6 ball pythons
  5 bats
  6 frilled lizards
  2 kobolds
  7 rats
73 creatures vanquished.

Vanquished Creatures (others)
  An adder skeleton (D:5)
  4 plants
  3 withered plants (D:3)
8 creatures vanquished.

Grand Total: 81 creatures vanquished

Notes
Turn   | Place    | Note
-------+----------+-------------------------------------------
     0 | D:1      | HallandMoats the Ghoul Monk began the quest for the Orb.
     0 | D:1      | Reached XP level 1. HP: 19/19 MP: 0/0
   302 | D:1      | Reached XP level 2. HP: 26/26 MP: 1/1
   917 | D:2      | Found Ifocaqaj's Assorted Antiques.
   965 | D:2      | Reached XP level 3. HP: 30/31 MP: 2/2
  1370 | D:2      | Reached skill level 1 in Invocations
  1465 | D:3      | Reached XP level 4. HP: 12/40 MP: 3/3
  2125 | D:3      | Reached skill level 1 in Armour
  2444 | D:3      | Reached XP level 5. HP: 37/46 MP: 3/5
  2509 | D:3      | Reached skill level 1 in Shields
  2671 | D:3      | Found a faded altar of an unknown god.
  2951 | D:3      | Reached XP level 6. HP: 48/53 MP: 6/6
  3389 | D:4      | Noticed Grinder
  3418 | D:4      | Killed Grinder
  3419 | D:4      | Reached skill level 5 in Fighting
  3419 | D:4      | Reached skill level 5 in Unarmed Combat
  3419 | D:4      | Reached XP level 7. HP: 9/61 MP: 7/7
  3902 | D:5      | Entered Level 5 of the Dungeon
  3911 | D:5      | Identified the +10 dagger of Alesk {vorpal, rF++ rC+ Str-4
                  | Int+3}
  3991 | D:4      | Slain by a gnoll

Illustrated notes

Levels and vault maps discovered:
D:1:      dpeg_arrival_rooms_a, layout_loops_ring, minmay_misc_feat_tower,
          minivault_27, kennysheep_pointless_box
D:2:      layout_rooms, serial_shops, nicolae_shop_advertising_works
          [nicolae_subvault_shop_adworks]
D:3:      layout_basic, shapermc_ecumenical_altar_flowoftime,
          kennysheep_generic_room_11
D:4:      layout_rooms, uniq_grinder, uniq_crazy_yiuf_cottage
D:5:      layout_cave_pools, lexackson_kobold_supper

Skill      XL: |  1  2  3  4  5  6  7 |
---------------+----------------------+-----
Unarmed Combat | 4 5 |  5.4
Invocations    | 1 2 |  2.4
Dodging        | 3 |  3.6
Fighting       | 4 5 |  5.2
Armour         | 1 2 |  2.0
Shields        | 1 2 |  2.4
Stealth        | |  2.1

Action                   |  1- 3 |  4- 6 |  7- 9 || total
-------------------------+-------+-------+-------++-------
Melee: Unarmed           |    74 |   188 |    17 ||   279
       Punch             |     1 |       |       ||     1
       Dagger            |       |       |     1 ||     1
  Use: Scroll            |     3 |       |       ||     3
 Stab: Sleeping          |     6 |     2 |       ||     8
Armor: Robe              |     8 |    16 |       ||    24
       Ring mail         |       |    23 |     2 ||    25
Dodge: Dodged            |    40 |    67 |    11 ||   118
Block: Buckler           |       |    24 |     8 ||    32

Table legend: (Time is in decaauts)
 A = Elapsed time spent in this place.
 B = Non-inter-level travel time spent in this place.
 C = Inter-level travel time spent in this place.
 D = Time resting spent in this place.
 E = Time spent auto-exploring this place.
 F = Levels seen in this place.
 G = Mean time per level.
                   A        B        C        D        E       F      G
               +--------+--------+--------+--------+--------+-----+--------+
         Total |   3979 |   3845 |    134 |     37 |   3090 |   5 |  795.8 |
       Dungeon |   3979 |   3845 |    134 |     37 |   3090 |   5 |  795.8 |
               +--------+--------+--------+--------+--------+-----+--------+

Top non-repeatable levels by time:
     D:3: 1395 daAuts
     D:4: 905 daAuts
     D:1: 870 daAuts
     D:2: 722 daAuts
     D:5: 85 daAuts
